 Dungeon Crawl Stone Soup version 0.23.0 (webtiles) character file.

Game seed: 18249860369742450364

15 kkeya the Magician (level 2, -8/19 HPs)
             Began as a Mummy Fire Elementalist on Feb 11, 2019.
             Killed from afar by an electric eel (14 damage)
             ... with a bolt of electricity
             ... on level 4 of the Dungeon.
             The game lasted 00:06:05 (1081 turns).

kkeya the Magician (Mummy Fire Elementalist)        Turns: 1081, Time: 00:06:08

Health: -8/19      AC:  3    Str: 11    XL:     2   Next: 34%
Magic:  5/5        EV: 11    Int: 16    God:
Gold:   94         SH:  0    Dex: 12    Spells: 2/6 levels left

rFire    x . .     SeeInvis .   d - +0 club
rCold    + . .     Gourm    .   (no shield)
rNeg     + + +     Faith    .   c - +0 leather armour
rPois    ∞         Spirit   .   (no helmet)
rElec    .         Reflect  .   (no cloak)
rCorr    .         Harm     .   (no gloves)
MR       .....                  (no boots)
Stlth    ++........             (no amulet)
HPRegen  0.06/turn              b - +2 ring of intelligence
MPRegen  0.09/turn              (no ring)

@: no status effects
A: no food or potions, fire vulnerability, cold resistance 1, negative energy
resistance 3, torment resistance, unbreathing
a: no special abilities


You were on level 4 of the Dungeon.
You were not hungry.

You visited 1 branch of the dungeon, and saw 3 of its levels.

You collected 94 gold pieces.

Inventory:

Hand Weapons
 d - a +0 club (weapon)
Armour
 a - a +0 robe
 c - a +0 leather armour (worn)
Jewellery
 b - a +2 ring of intelligence (left hand)
Wands
 f - a wand of flame (24)


   Skills:
 + Level 0.2 Armour
 + Level 1.6 Dodging
 + Level 1.9 Stealth
 + Level 0.1 Unarmed Combat
 + Level 2.8 Spellcasting
 + Level 0.8 Conjurations
 + Level 2.7 Fire Magic


You had 2 spell levels left.
You knew the following spells:

 Your Spells              Type           Power        Failure   Level  Hunger
a - Flame Tongue          Conj/Fire      #....        12%         1    N/A
b - Sandblast             Erth           #.....       26%         1    N/A
c - Throw Flame           Conj/Fire      #.....       19%         2    N/A

Your spell library contained the following spells:

 Spells                   Type           Power        Failure   Level  Hunger
 Passwall                 Tmut/Erth      #.......     36%         2    N/A
 Conjure Flame            Conj/Fire      #.......     34%         3    N/A
 Inner Flame              Hex/Fire       #.......     41%         3    N/A
 Stone Arrow              Conj/Erth      #.....       54%         3    N/A
 Sticky Flame             Conj/Fire      #.......     75%         4    N/A
 Petrify                  Tmut/Erth      #.......     94%         4    N/A
 Fireball                 Conj/Fire      #.........   97%         5    N/A
 Lee's Rapid Deconstruct  Erth           #.........   100%        5    N/A

Dungeon Overview and Level Annotations

Branches:
Dungeon (2/15)

Altars:

Annotations:
D:4 1 transporter


Innate Abilities, Weirdness & Mutations

You do not eat or drink.
Your flesh is vulnerable to fire.
You are immune to poison.
Your flesh is cold resistant. (rC+)
You are immune to negative energy. (rN+++)
You are immune to unholy pain and torment.
You can survive without breathing.


Message History

Some shallow water.
The electric eel shoots out a bolt of lightning at you!
The bolt of electricity hits you. The bolt of electricity hits you!
* * * LOW HITPOINT WARNING * * *
There is an open door here.
Firing (i - inventory) No suitable missiles.
Press: ? - help, Shift-Dir - straight line, f - electric eel
Aim: an electric eel
Okay, then.
Wield which item (- for none, * to show all)? (? for menu, Esc to quit)
Okay, then.
As you read the scroll labeled JILLAWKASIE, it crumbles to dust.
You feel blessed for a moment.
It was a scroll of remove curse.
The electric eel shoots out a bolt of lightning at you!
The bolt of electricity hits you. The bolt of electricity hits you!
The bolt of electricity hits the plant!
The electric eel shoots out a bolt of lightning at you!
The bolt of electricity hits you!
Ouch! That really hurt!
You die...

(.......###+###.#
....###.#≈≈P≈≈#.#
.... #.#≈P≈P≈#.#
... #.#≈≈≈≈≈#.#
....###.#≈≈♣≈≈#.#
........#≈P≈≈≈#.#
######..#;...≈#.#
#..#;...≈#.#
#..###@###.#
#..#P...P#.#
#..#8.©.8#.#
#..#######.#
#.....©....#
#.......####
####...## #####


You could see 2 electric eels.

Vanquished Creatures
  4 hobgoblins (D:1)
  A kobold (D:1)
  3 bats
  A frilled lizard (D:1)
  2 goblins
  A jackal skeleton (D:4)
  3 rats (D:1)
15 creatures vanquished.

Notes
Turn   | Place    | Note
-------+----------+-------------------------------------------
     0 | D:1      | kkeya the Mummy Fire Elementalist began the quest for the
                  | Orb.
     0 | D:1      | Reached XP level 1. HP: 13/13 MP: 4/4
   344 | D:1      | Reached XP level 2. HP: 19/19 MP: 2/5
   798 | D:2      | You fall through a shaft for 2 floors!
   800 | D:4      | Found a transporter.
   804 | D:4      | Noticed an electric eel
   811 | D:4      | Noticed an electric eel
   824 | D:4      | Learned a level 1 spell: Sandblast
   825 | D:4      | Found a transporter.
   829 | D:4      | Learned a level 2 spell: Throw Flame
  1081 | D:4      | Killed from afar by an electric eel

Action                   || total
-------------------------++-------
Melee: Unarmed           ||    15
       Club              ||    12
 Cast: Flame Tongue      ||    26
  Use: Scroll            ||     4
Armor: Robe              ||     9
       Leather armour    ||    21
Dodge: Dodged            ||    31
